[Event "Sautron op 13th"]
[Site "Sautron"]
[Date "2013.11.01"]
[Round "8"]
[White "Burmakin, Vladimir"]
[Black "Haub, Thorsten Michael"]
[Result "1-0"]
[ECO "A01"]
[WhiteElo "2581"]
[BlackElo "2455"]
[Annotator "RR"]
[PlyCount "83"]
[EventDate "2013.10.26"]
[EventType "swiss"]
[EventRounds "9"]
[EventCountry "FRA"]
[SourceTitle "EXT 2014"]
[Source "ChessBase"]
[SourceDate "2013.11.20"]
[SourceVersion "1"]
[SourceVersionDate "2013.11.20"]
[SourceQuality "1"]
[TimeControl "40/5400+30:1800+30"]
[WhiteClock "1:30:00"]
[BlackClock "1:30:00"]

1. b3 e5 2. Bb2 d6 3. e3 Nf6 4. c4 c6 5. d4 Nbd7 6. Nf3 Qe7 (6... e4 7. Nfd2 d5 8. f3 exf3 9. Qxf3 Nb6 10. Bd3
Bg4 11. Qf2 Bh5 12. c5 Nbd7 13. O-O Be7 14. b4 Bg6 15. Bxg6 hxg6 16. h3 Nf8 17.
Nc3 Ne6 18. Nf3 O-O 19. a4 Qb8 20. b5 Bd8 21. Ba3 Bc7 22. Rab1 Bg3 23. Qc2 Qd8
24. Ne2 Bc7 25. bxc6 bxc6 26. Rb7 Ne4 27. Nc3 Ng3 28. Rfb1 Re8 29. Qf2 Re7 30.
a5 Nf5 31. a6 Bg3 32. Qd2 Qa5 33. Rxe7 Nxe7 34. Nxd5 Qd8 35. Nxe7+ Qxe7 36. e4
{Nakamura,H (2775)-Topalov,V (2793) Stavanger 2013 1-0}) 7. Be2 $146 (7. g3 g6 8. Bg2 Bg7 9. O-O O-O 10. Nc3 Re8 11. h3 Nf8 12. e4 Nh5 13.
d5 c5 14. Ne1 Bh6 15. Nd3 f5 16. exf5 Bxf5 17. Ne4 Nd7 18. Kh2 Bxe4 19. Bxe4
Nhf6 20. Bg2 e4 21. Ne1 Bg7 22. Qc2 h5 23. f4 exf3 24. Bxf3 Ne5 25. Ng2 Nxf3+
26. Rxf3 Qe4 27. Qf2 Ng4+ 28. hxg4 Bxb2 29. Re1 Qd4 30. Qc2 Rxe1 31. Qxg6+ Qg7
32. Qxg7+ Bxg7 33. Nxe1 Re8 34. Nd3 hxg4 35. Rf4 {1/2-1/2 (35) Rusev,K (2545)
-Haub,T (2462) Odense 2013}) 7... g6 8. c5 $1 exd4 9. cxd6 Qxd6 10. exd4 Nb6 11. O-O Bf5 12. Re1 O-O-O 13. Nbd2 Nbd5 14. Nc4 Qc7 15. a3 g5 16. b4 Kb8 17. Nfe5 Nf4 18. Rc1 (18. Bf1) 18... N6d5 (18... Be6 19. Na5 Rd6)
19. Na5 $36 Rd6 20. Bg4 $1 Bxg4 21. Qxg4 Bg7 22. g3 f5 (22... Ne6) 23.
Qxf5 Rf8 24. Nexc6+ $1 bxc6 25. Qxf8+ $1 {[%emt 0:00:04] La pointe!} Bxf8 26. Re8+ Qc8 27. Rxc8+ Kxc8 28. gxf4 Kd7 $2 (28... Nxf4)
29. fxg5 Rg6 30. h4 h6 31. Kf1 hxg5 32. hxg5 Be7 33. Nc4 Bd6 34. Ne5+ Bxe5 35. dxe5 Rxg5 36. Rc4 Rh5 37. Kg2 Rg5+ 38. Kf3 Rg1 39. Rc1 $18 Rg8 40. Bd4 Ra8 41. Ke4 Rf8 42. e6+ 1-0

[Event "Rohde op 12th"]
[Site "Sautron"]
[Date "2012.10.30"]
[Round "5"]
[White "Sergeev, Vladimir"]
[Black "Videnova, Iva"]
[Result "1/2-1/2"]
[ECO "A01"]
[WhiteElo "2475"]
[BlackElo "2318"]
[Annotator "RR"]
[PlyCount "241"]
[EventDate "2012.10.27"]
[EventType "swiss"]
[EventRounds "9"]
[EventCountry "FRA"]
[SourceTitle "EXT 2014"]
[Source "ChessBase"]
[SourceDate "2013.11.20"]
[SourceVersion "1"]
[SourceVersionDate "2013.11.20"]
[SourceQuality "1"]
[TimeControl "40/5400+30:1800+30"]
[WhiteClock "1:30:00"]
[BlackClock "1:30:00"]

1. b3 e5 2. Bb2 Nc6 (2... f6 $5) 3. c4 (3. e3 $142 Nf6 4. Bb5 $1 Bd6 (4... d6) 5. Na3 Na5 $5 6. Nc4
Nxc4 7. Bxc4) 3... g6 4. e3 Bg7 5. Nf3 d6 6. Be2 (6. d4
e4 7. Nfd2) 6... f5 7. d4 e4 {[%emt 0:02:48]
Retombe sur une française fermée avec couleurs inversées} 8. Nfd2 Nf6 9. Nc3 O-O 10. a3 (10. O-O) 10... Qe7 $146 (
10... a5 11. Qc2 {Zegarac,B (2302)-Popovic,D (2435) Subotica TS03 IM 2003 (3)
0-1}) 11. g3 (11. Qc2 $5 ) 11... b6 (11... a5 12. O-O) 12. b4 Bb7 13. Nb3 Nd8 14. d5 $1 {
[%emt 0:05:01][%csl Rb7] Les Noirs ne peuvent plus jouer Ne5} c6 15. dxc6 Nxc6 16. Nb5 (
16. Nd4 Ne5) 16... Rfd8 17. N5d4 Ne5 $132 18. O-O Nfg4 (18... Nfd7 $5 ) 19. h3 Nh6 20. Rc1 Nhf7 21. c5 $6 dxc5 22. bxc5 Ng5 $36 (22... Bd5 23. cxb6 axb6 $15 ) 23. c6 Bc8 24. h4 Ngf3+ 25. Kg2 Bf6 (
25... g5 $143 26. hxg5 Qxg5) 26. Qc2 Bxh4 $5 27. Bxf3 (27. c7) 27... exf3+ 28. Nxf3 Nxf3 29. Kxf3 Ba6 30. Rfd1 (30. gxh4 Qxh4 31. Kg2 Bxf1+ (31...
Bd3)) 30... Bf6 31. Bxf6 Qxf6 32. Nd4 $16 Qe5 33.
Qb3+ (33. Kg2) 33... Qd5+ 34. Qxd5+ Rxd5 35. a4 (35. Ne6 Rxd1 36. Rxd1 Rc8 37. Rd6 (37. c7 Kf7 38. Ng5+) 37... Bc4 38. Nd4
) 35... Rc8 36. Rc3 Kf7 37.
Rh1 h5 38. Rb1 Rc5 $1 39. Rxc5 (39. Rbc1) 39... bxc5 40. Rb7+ $1 Kf6 41. Rxa7 Bd3 (41... cxd4 42. Rxa6 d3 43. c7+ Ke5 (43... Ke7 44. Rxg6)
44. Rc6 g5 $132) 42. Nb5 Rxc6 43. Nc3 Ke5 (43... g5) 44. Kg2 Rb6 45. Re7+ (45. a5 Rb3) 45... Kd6 46. Rg7 Rb3 $1 47. Rxg6+ Kd7 48. Nb5 $8 (48. Nd1 $2
Bc2 ) 48... Bxb5 49. axb5 Rxb5 {
[%emt 0:00:09][%csl Gc5] La structure de P est un peu meilleure pour les
Blancs mais les pièces Blanches sont mal placées ^pour lutter contre le P passé
} 50. Rg5 c4 $36 51. Rxh5 c3 52. Rh1 Kd6 53. Rc1 Rc5 54. Rd1+ Kc6 55. Kf3 Kb5 56. e4 $1 c2 57. Rc1 Kb4 {[%emt 0:00:14][%csl Rc1][%cal Gb4b3,Gb3b2] La Rc1 est condamnée mais
le K Noir sera trés loin de la majorité adverse} 58. exf5 Rxf5+ 59. Ke3 Kc3 60. f4 Rf8 61. g4 Re8+ 62. Kf3 Kd2 63. Rxc2+ Kxc2 64. f5 $6 {[%emt 0:00:35][%csl Rc2] Il
ne restait plus qu'une dizaine de minutes au GMI en phase KO mais jouer f5
quasiment а tempo sans analyser g5 est assez étonnant} (64. g5 $142 {Le K Noir
est trop éloigné de l'aile-roi pour garder des chances de gain} Kd3 65. g6 $1
Kd4 66. Kg4 Kd5 67. Kf5 ) 64... Kd3 65. f6 Kd4 66. Kf4 Re1 67. Kf5 Kd5 68. g5 Rf1+ $2 {[%emt 0:00:16] Il restait pourtant 20 mns а la bulgare dans
cette position.} (68... Rg1 $142 69. f7 Rf1+ 70. Kg6 Ke6 $19) 69. Kg6 Ke6 $1 {[%emt 0:00:10] La progression du P "f" est stoppée mais en
ceontrepartie, il n'est pas facile d'améliorer la position des Noirs} 70. Kg7
$8 Rf2 71. g6 $1 Rxf6 72. Kh7 Rf1 73. g7 Rh1+ 74. Kg8 Kf6 75.
Kf8 Ra1 76. g8=N+ $8 Ke6 77. Kg7 $1 $11 {[%emt 0:00:05] Les rares cas de gain dans ce
genre de finale interviennent lorsque le K est а la bande ou dans le coin.}
Rg1+ 78. Kf8 Rg6 79. Ne7 Rf6+ 80. Ke8 Rf7 81. Ng6 Ra7 82. Nf8+ Kd6 83. Ng6 Rg7 84. Nf8 Re7+ 85. Kd8 Re1 86. Nd7 Ra1 87. Nb8 Rh1 88. Kc8 Rh7 89. Na6 Ra7 90. Nb8 Rh7 91. Na6 Rh8+ 92. Kb7 Kd5 93. Nc7+ Kc5 94. Na6+ Kd6 95. Nb8 Rh2 96. Kc8 Rb2 97. Na6 Rb3 98. Nb8 Rb6 99. Nd7 Ra6 100. Kb7 Rc6 101. Nb8 Rc7+ 102. Kb6 Rc2 103. Na6 Rb2+ 104. Ka5 Rb1 105. Nb4 Kc5 106. Na6+ Kc4 107. Nc7 Kd4 108. Nb5+ Kc5 109. Na3 Rb4 110. Nc2 Rh4 111. Na3 Rg4 112. Nb5 Rg7 113. Ka6 Rg8 114. Na7 Rb8 115. Ka5 Rb6 116. Nc8 Rb7 117. Ka6 Rb8 118. Na7 Rb6+ 119. Ka5 Rb7 120. Ka6 Rc7 121. Nb5 1/2-1/2

[Event "Rohde op 09th"]
[Site "Sautron"]
[Date "2009.10.30"]
[Round "8"]
[White "Meijers, Viesturs"]
[Black "Berbatov, Kiprian"]
[Result "1/2-1/2"]
[ECO "A01"]
[WhiteElo "2471"]
[BlackElo "2457"]
[Annotator "RR"]
[PlyCount "99"]
[EventDate "2009.10.24"]
[EventType "swiss"]
[EventRounds "9"]
[EventCountry "FRA"]
[SourceTitle "EXT 2010"]
[Source "ChessBase"]
[SourceDate "2010.11.25"]
[SourceVersion "1"]
[SourceVersionDate "2010.11.25"]
[SourceQuality "1"]
[TimeControl "6000"]

1. b3 e5 2. Bb2 Nc6 3. c4 (3. e3 Nf6 4. Bb5 $14 ) 3... Nf6
4. e3 d5 5. cxd5 Nxd5 6. a3 Bd6 7. b4 O-O ({RR} 7... Qe7 8. b5 Nd8 9. Nf3 O-O
10. Be2 c6 11. a4 e4 12. Nd4 c5 13. Nc2 Qg5 14. Kf1 f5 15. h4 Qe7 16. d4 exd3
17. Qxd3 Be6 18. Nd2 Nf7 19. Nc4 Bc7 20. g3 Rad8 21. Qa3 Nd6 22. Nxd6 {Meijers,
V (2493)-Eichner,S (2326)/Leipzig 2009/Mega2009 Update 18/1-0 (43)}) 8. b5 (8.
Qc2) (8. d3) (8. Nc3) 8... Nce7 (8... Na5 ) 9. Nf3 Ng6 (9... Bg4
10. h3 Bxf3 11. Qxf3 f5 12. Bc4 $14 ) 10. h4 $5 Re8 (10... e4 $142 11. h5 (11. Ng5 Qe7
$36) 11... Ngf4 $5 12. exf4 Bg4 $40) 11. h5 $36 Nf8 12. h6 g5 (
12... g6) 13. g3 (13. Qb3 Be6 14. Bxe5) 13... Ng6 14. Qc2 Qe7 15. Nc3 Nxc3 16.
Qxc3 b6 (16... Bg4 $142
$11) 17. Bg2 Bb7 18. O-O g4 19. Nh2 Bxg2 20. Kxg2 Qd7 21. f3 gxf3+ 22. Rxf3 Bf8 23. Raf1 $14 Re7 24. a4 $1 Bxh6 25. Ba3 Re6 26. Rxf7 Qd5+ 27. R7f3 (27. Kg1 Nf4 $5 ) 27... c5 28. bxc6 $2 {réactive la Re6 qui était mal placée} (28. Ng4
$142 ) 28... Rxc6 29. Qb2 Rac8 30. Bb4 (30. Ng4) 30... Rc2 31.
Qb1 a5 32. Ng4 Bg7 33. e4 $6 Qxe4 34. Rc1 {Il doit y avoir un problème de
sauvegarde de la partie avec le plateau DGT} Qxb4 35. Rxc2 Qxb1 36. Rxc8+ Bf8
37. Nh6+ Kg7 38. Nf5+ Kh8 39. Nh4 Nxh4+ 40. gxh4 Qg6+ 41. Kf2 Qd6 42. Rcxf8+
Kg7 43. R8f7+ Kg6 44. d3 h6 45. R7f5 Qd4+ 46. Kg3 Qg1+ 47. Kh3 Qh1+ 48. Kg3
Qe1+ 49. Kh3 Qh1+ 50. Kg3 1/2-1/2